 Dungeon Sprint DCSS version 0.17-a0-1719-g1afd5a1 (webtiles) character file.

1715 hexophile the Alchemist (level 8, -7/42 HPs)
             Began as a Spriggan Transmuter on Aug 28, 2015.
             Was a Priest of Cheibriados.
             Mangled by a hill giant
             ... wielding a +0 giant spiked club
              (34 damage)
             ... in the Dungeon (Sprint IX: "|||||||||||||||||||||||||||||").
             The game lasted 00:03:08 (884 turns).

hexophile the Alchemist (Spriggan Transmuter)        Turns: 884, Time: 00:03:09

Health: -7/42      AC:  3    Str: 18    XL:     8   Next: 74%
Magic:  8/13       EV: 24    Int: 24    God:    Cheibriados [***...]
Gold:   0          SH:  0    Dex: 24    Spells: 2 memorised, 6 levels left

rFire  . . .     SeeInvis +       - Unarmed
rCold  . . .     Clarity  .     b - +0 robe
rNeg   . . .     SustAt   .     (shield currently unavailable)
rPois  .         Gourm    .     (helmet restricted)
rElec  .         Spirit   .     m - +0 cloak
rCorr  .         Warding  .     (gloves unavailable)
rMut   .         NoTele   +     (boots unavailable)
MR     +....                    (no amulet)
Stlth  ++........               o - +3 ring of strength
                                n - +3 ring of intelligence

@: blade hands (expiring), slow, somewhat resistant to hostile enchantments,
unstealthy
A: unfitting armour, see invisible, herbivore 3, speed 3, slow metabolism 2
a: End Transformation, Bend Time, Temporal Distortion, Renounce Religion


You were in the Dungeon.
You worshipped Cheibriados.
Cheibriados was most pleased with you.
You were not hungry.
You had blades for hands.
You visited 1 branch

Inventory:

Missiles
 a - 12 arrows
Armour
 b - a +0 robe (worn)
 m - a +0 cloak (worn)
Magical staves
 p - an uncursed staff of energy (melded)
Jewellery
 n - a +3 ring of intelligence (left scythe-like blade)
 o - a +3 ring of strength (right scythe-like blade)
Magical devices
 l - a wand of fire (3)
Scrolls
 i - 3 scrolls of remove curse
 j - a scroll of blinking
 k - 2 scrolls of amnesia
Potions
 e - a potion of invisibility
 f - 2 potions of heal wounds
 g - 2 potions of curing
 h - 4 potions of magic
Books
 c - a book of Changes

   Spells                             Type                      Level
   a - Beastly Appendage              Transmutation                1
   b - Sticks to Snakes               Transmutation                2
   c - Spider Form                    Transmutation/Poison         3
   d - Ice Form                       Ice/Transmutation            4
   e - Blade Hands                    Transmutation                5
Comestibles
 d - a bread ration


   Skills:
 * Level 4.3 Fighting
 + Level 6.1 Dodging
 * Level 10.1 Unarmed Combat
 - Level 2.6 Spellcasting
 - Level 17.6 Transmutations


You had 6 spell levels left.
You knew the following spells:

 Your Spells              Type           Power        Failure   Level  Hunger
a - Blade Hands           Trmt           ######....   10%         5    ######.
b - Beastly Appendage     Trmt           ######       3%          1    None


Dungeon Overview and Level Annotations

Branches:
Dungeon (1/1)

Altars:
Cheibriados
Dithmenos
Elyvilon
Fedhas
Gozag
Kikubaaqudgha
Makhleb
Nemelex Xobeh
Okawaru
Qazlal
Ru
Sif Muna
Trog
Vehumet
Xom
Yredelemnul
Zin
The Shining One
Beogh
Jiyva
Lugonu


Innate Abilities, Weirdness & Mutations

You are tiny and cannot use many weapons and most armour.
You have supernaturally acute eyesight.
You are a herbivore.
You cover ground extremely quickly.
You need consume almost no food.


Message History

There is an open door to the Dungeon, spattered with blood here.
You see here a killer bee corpse.
The hill giant shouts!
You slash the two-headed ogre! x2
You kill the two-headed ogre!
Cheibriados thoroughly appreciates the change of pace.
You can now warp the flow of time around you.
Cheibriados raises the support of your attributes as your movement slows.
Your Fighting skill increases to level 4!
Your Dodging skill increases to level 6!
Your Unarmed Combat skill increases to level 10!
Your transformation is almost over.
Unknown command.
Things that are here:
a giant club x2 a two-headed ogre corpse The centaur warrior shouts!
The hill giant hits you with a giant spiked club!!
Ouch! That really hurt!
You die... ▓▓▓▓▓▓▓▓▓▓▓▓▓▓▓▓▓▓▓▓▓▓▓▓▓▓▓▓ ____'...).[[..†)@C.c.†Z.Z... ▓▓▓▓▓▓▓▓▓▓▓▓▓▓▓▓▓▓▓▓▓▓▓▓▓▓▓▓

You could see a hill giant, a centaur warrior and an adder zombie.

Vanquished Creatures
  An unseen horror (D)
  A hill giant (D)
  A griffon (D)
  A two-headed ogre (D)
  A sky beast (D)
  A killer bee (D)
  A wight (D)
  A crimson imp (D)
  An orc wizard (D)
  A worker ant (D)
  A shadow imp (D)
  A bat skeleton (D)
  A bat zombie (D)
  2 goblins (D)
  A hobgoblin (D)
  A quokka (D)
  A giant newt (D)
  A rat (D)
19 creatures vanquished.

Vanquished Creatures (others)
  A spatial maelstrom (D)
1 creature vanquished.

Grand Total: 20 creatures vanquished

Notes
Turn   | Place    | Note
--------------------------------------------------------------
     0 | D        | hexophile the Spriggan Transmuter began the quest for the Orb.
     0 | D        | Reached XP level 1. HP: 9/9 MP: 5/5
    12 | D        | Reached skill level 4 in Transmutations
    13 | D        | Banished a spatial maelstrom
   249 | D        | Noticed a worker ant
   249 | D        | Noticed an orc wizard
   249 | D        | Noticed a sky beast
   261 | D        | Killed a worker ant
   261 | D        | Reached skill level 6 in Transmutations
   261 | D        | Reached XP level 2. HP: 14/14 MP: 3/6
   261 | D        | Reached XP level 3. HP: 17/17 MP: 4/8
   266 | D        | Killed an orc wizard
   266 | D        | Reached skill level 8 in Transmutations
   269 | D        | Killed a sky beast
   269 | D        | Reached skill level 5 in Unarmed Combat
   269 | D        | Reached skill level 11 in Transmutations
   269 | D        | Reached XP level 4. HP: 19/21 MP: 5/9
   269 | D        | Reached XP level 5. HP: 22/25 MP: 5/10
   365 | D        | Found a glowing silver altar of Zin.
   365 | D        | Found a glowing golden altar of the Shining One.
   365 | D        | Found an ancient bone altar of Kikubaaqudgha.
   365 | D        | Found a basalt altar of Yredelemnul.
   365 | D        | Found a shimmering altar of Xom.
   365 | D        | Found a radiant altar of Vehumet.
   366 | D        | Found an iron altar of Okawaru.
   367 | D        | Found a burning altar of Makhleb.
   368 | D        | Found a deep blue altar of Sif Muna.
   369 | D        | Found a bloodstained altar of Trog.
   370 | D        | Found a sparkling altar of Nemelex Xobeh.
   371 | D        | Found a white marble altar of Elyvilon.
   372 | D        | Found a roughly hewn altar of Beogh.
   373 | D        | Found a viscous altar of Jiyva.
   374 | D        | Found a corrupted altar of Lugonu.
   375 | D        | Found a blossoming altar of Fedhas.
   376 | D        | Found a snail-covered altar of Cheibriados.
   377 | D        | Found a shadowy altar of Dithmenos.
   378 | D        | Found a stormy altar of Qazlal.
   379 | D        | Found an opulent altar of Gozag.
   380 | D        | Found a sacrificial altar of Ru.
   384 | D        | Became a worshipper of Cheibriados the Contemplative
   431 | D        | Learned a level 5 spell: Blade Hands
   440 | D        | Noticed an unseen horror
   440 | D        | Noticed a hill giant
   440 | D        | Noticed a wight
   440 | D        | Noticed a crimson imp
   448 | D        | Killed an unseen horror
   448 | D        | Reached skill level 15 in Transmutations
   448 | D        | Reached XP level 6. HP: 11/29 MP: 6/11
   448 | D        | Reached XP level 7. HP: 12/32 MP: 6/12
   451 | D        | Killed a crimson imp
   491 | D        | Killed a wight
   491 | D        | Reached skill level 16 in Transmutations
   492 | D        | Acquired Cheibriados's first power
   495 | D        | Killed a hill giant
   495 | D        | Reached skill level 17 in Transmutations
   495 | D        | Reached XP level 8. HP: 18/37 MP: 6/13
   684 | D        | Noticed a killer bee
   684 | D        | Noticed a griffon
   684 | D        | Noticed a two-headed ogre
   684 | D        | Noticed a hill giant
   684 | D        | Noticed a centaur warrior
   691 | D        | Killed a griffon
   691 | D        | Reached skill level 5 in Dodging
   873 | D        | HP: 2/40 [killer bee (4)]
   879 | D        | Killed a killer bee
   882 | D        | Killed a two-headed ogre
   882 | D        | Acquired Cheibriados's second power
   882 | D        | Reached skill level 10 in Unarmed Combat
   884 | D        | Mangled by a hill giant

Vault maps used:
D:        linesprint

Action                   |  1- 3 |  4- 6 |  7- 9 || total
-------------------------+-------+-------+-------++-------
Melee: Unarmed           |    30 |    14 |     9 ||    53
       Staff             |       |       |    15 ||    15
 Cast: Beastly Appendage |     3 |       |     1 ||     4
       Blade Hands       |       |     1 |     3 ||     4
Evoke: Wand              |       |       |     4 ||     4
  Use: Potion            |     3 |       |     3 ||     6
       Scroll            |       |       |     1 ||     1
